 Seeded DCSS version 0.30.0-29-ga12c61a403 (webtiles) character file.

Game seed: 18007716519941398942 (custom seed)

4 Dadbod the Shield-Bearer (level 1, 13/18 HPs)
             Began as a Formicid Fighter on June 5, 2023.
             Quit the game on level 1 of the Dungeon.
             The game lasted 00:01:09 (101 turns).

Dadbod the Shield-Bearer (Formicid Fighter)          Turns: 101, Time: 00:01:09

Health: 13/18      AC:  6    Str: 20    XL:     1   Next: 77%
Magic:  1/1        EV:  9    Int:  7    God:
Gold:   907        SH:  5    Dex: 13    Spells: 0/0 levels left

rFire   . . .        a - +0 war axe
rCold   . . .        c - +0 buckler
rNeg    . . .        b - +0 scale mail
rPois   .            (helmet unavailable)
rElec   .            (no cloak)
rCorr   .            (no gloves)
SInv    +            (no boots)
Will    .....        (no amulet) Stlth
                     (no ring)
HPRegen 0.23/turn    (no ring)
MPRegen 0.07/turn

%: no passive effects
@: no status effects
A: permanent stasis, dig shafts and tunnels, antennae 3, four strong arms
a: Dig, Shaft Self


You were on level 1 of the Dungeon.
You visited 1 branch of the dungeon, and saw 1 of its levels.

You collected 907 gold pieces.

Inventory:

Hand Weapons
 a - a +0 war axe (weapon)
Armour
 b - a +0 scale mail (worn)
 c - a +0 buckler (worn)
Jewellery
 e - the amulet of Comnepi {Acrobat rF+ rC+ MP+9 Str+5}
   (You acquired it on level 1 of the Dungeon)

   [amulet of the acrobat]

   It increases your evasion while moving and waiting.
   Str:       It affects your strength (+5).
   rF:        It protects you from fire.
   rC:        It protects you from cold.
   MP:        It affects your magic capacity (+9).
 f - the amulet of Cynicism {Rampage Regen+ Int+2}
   (You acquired it on level 1 of the Dungeon)

   [amulet of regeneration]

   Int:       It affects your intelligence (+2).
   Regen:     It increases your rate of health regeneration.
   Rampage:   It bestows one free step when moving towards enemies.
Potions
 d - a potion of might


   Skills:
 + Level 3.3 Fighting
 + Level 2.1 Axes
 + Level 3.3 Armour
 + Level 4.2 Shields


You couldn't memorise any spells.
You didn't know any spells.
Your spell library was empty.

Dungeon Overview and Level Annotations

Branches:
Dungeon (1/15)

Altars:


Innate Abilities, Weirdness & Mutations

You cannot be hasted, slowed, berserked, paralysed or teleported.
You can dig through walls and to a lower floor.
You have a pair of large antennae on your head. (SInv)
Your four strong arms can wield two-handed weapons with a shield.


Message History

You barely miss the goblin. You block the goblin's attack.
You slash the goblin!
You kill the goblin!
You see here a +0 dagger.
An endoplasm and a frilled lizard come into view.
Found 3 scrolls labelled DICAOL JAOKK.
The endoplasm quivers.
The frilled lizard hisses angrily.
You hit the endoplasm.
The endoplasm is almost dead.
You miss the frilled lizard.
The frilled lizard bites you but does no damage.
The endoplasm hits you but does no damage.
The frilled lizard bites you but does no damage.
The endoplasm freezes you.
You are frozen.
You barely miss the endoplasm.
The endoplasm is almost dead.
You closely miss the frilled lizard. The frilled lizard bites you.
The endoplasm freezes you.
You are frozen.
Unknown command.
You hit the endoplasm.
You kill the endoplasm!
You slash the frilled lizard!
You kill the frilled lizard!
Unknown command.
e - 3 scrolls labelled DICAOL JAOKK This is a scroll of acquirement!
Something appears at your feet!
Okay, then.
f - the amulet of Cynicism {Rampage Regen+ Int+2} Something appears at your feet!
You now have 907 gold pieces.
Something appears at your feet!
e - the amulet of Comnepi {Acrobat rF+ rC+ MP+9 Str+5}
There are no items here.
There are no items here.
Okay, then.
Are you sure you want to abandon this character and quit the game? (Confirm with "yes".)

.............
..##.#.######
.# #.#.# .
#.#.# #.#..
#.### #######
#.# #.. ..#
###.##### #.#
#.# #......)#
#.# #@#
#.#.##.## #.#
#.# #.#..#.#
##.###.#{ #
##.#.#
#...)..# .#.#
#.?###.# {
.#.# #..# #.#
.#.# #..# ###
#.# #..# #.#
#..#


There were no monsters in sight!

Vanquished Creatures
  An endoplasm (D:1)
  A goblin (D:1)
  A hobgoblin (D:1)
  A frilled lizard (D:1)
4 creatures vanquished.

Notes
Turn   | Place    | Note
-------+----------+-------------------------------------------
     0 | D:1      | Dadbod the Formicid Fighter began the quest for the Orb.
     0 | D:1      | Reached XP level 1. HP: 18/18 MP: 1/1
    95 | D:1      | Identified 3 scrolls of acquirement
    95 | D:1      | Acquired the amulet of Cynicism {Rampage Regen+ Int+2}
    97 | D:1      | Acquired 907 gold pieces
    99 | D:1      | Acquired the amulet of Comnepi {Acrobat rF+ rC+ MP+9 Str+5}
   101 | D:1      | Quit the game

Illustrated notes

Levels and vault maps discovered:
D:1:      psy_arrival_dodecagon, layout_basic,
          dreamdust_ecumenical_altar_sealed_demon

Action                     || total
---------------------------++-------
  Melee: War axe           ||    19
    Use: Scroll            ||     3
 Armour: Scale mail        ||    10
  Dodge: Dodged            ||     5
  Block: Buckler           ||     3
